 Dungeon Crawl Stone Soup version 0.24.0-37-gcf1ca852f1 (webtiles) character file.

Game seed: 14406121419953883167, levelgen mode: deterministic

193 FishyPogo the Charmwright (level 5, -1/43 HPs)
             Began as a Gnoll Skald on Dec 1, 2019.
             Was an Initiate of Okawaru.
             Slain by an orc wizard
             ... wielding a +0 dagger
              (5 damage)
             ... on level 4 of the Dungeon.
             The game lasted 00:13:20 (2990 turns).

FishyPogo the Charmwright (Gnoll Skald)             Turns: 2990, Time: 00:13:21

Health: -1/43      AC:  3    Str: 15    XL:     5   Next: 72%
Magic:  2/12       EV: 14    Int: 15    God:    Okawaru [......]
Gold:   180        SH:  0    Dex: 14    Spells: 3/14 levels left

rFire    . . .     SeeInvis .   h - -2 hand axe (curse)
rCold    . . .     Gourm    .   (no shield)
rNeg     . . .     Faith    .   b - +0 leather armour
rPois    .         Spirit   .   (no helmet)
rElec    .         Reflect  .   (no cloak)
rCorr    .         Harm     .   (no gloves)
MR       .....                  (no boots)
Stlth    ++........             k - amulet of the acrobat
HPRegen  1.14/turn              (no ring)
MPRegen  0.13/turn              (no ring)

@: regenerating
A: distributed training, fangs 1, strong nose
a: Renounce Religion


You were on level 4 of the Dungeon.
You worshipped Okawaru.
Okawaru was noncommittal.
You were hungry.

You visited 2 branches of the dungeon, and saw 5 of its levels.
You also visited: Sewer.

You collected 180 gold pieces.

Inventory:

Hand Weapons
 a - a +0 short sword
 h - a cursed -2 hand axe (weapon)
Missiles
 i - 104 stones (quivered)
 p - 8 poisoned darts
Armour
 b - a +0 leather armour (worn)
Jewellery
 g - a +3 ring of slaying {unknown}
 k - an amulet of the acrobat (around neck)
Scrolls
 e - a scroll of amnesia
 j - 4 scrolls of teleportation
 o - 3 scrolls of identify
Potions
 c - 2 potions of might
 f - a potion of lignification
 l - 2 potions of heal wounds {unknown}
 m - 2 potions of curing
 n - a potion of agility {unknown}
 s - a potion of flight {unknown}
Comestibles
 d - 5 rations
 q - a chunk of flesh


   Skills:
 + Level 4.8 Fighting
 + Level 4.8 Short Blades
 + Level 1.6 Long Blades
 + Level 1.6 Axes
 + Level 1.6 Maces & Flails
 + Level 1.6 Polearms
 + Level 1.6 Staves
 + Level 1.6 Slings
 + Level 1.6 Bows
 + Level 1.6 Crossbows
 + Level 1.6 Throwing
 + Level 3.0 Armour
 + Level 4.8 Dodging
 + Level 1.6 Stealth
 + Level 1.6 Shields
 + Level 1.6 Unarmed Combat
 + Level 5.2 Spellcasting
 + Level 1.2 Conjurations
 + Level 1.2 Hexes
 + Level 5.5 Charms
 + Level 1.2 Summonings
 + Level 1.2 Necromancy
 + Level 1.2 Translocations
 + Level 1.2 Transmutations
 + Level 1.2 Fire Magic
 + Level 1.2 Ice Magic
 + Level 1.2 Air Magic
 + Level 1.2 Earth Magic
 + Level 1.2 Poison Magic
 + Level 1.8 Invocations
 + Level 1.6 Evocations


You had 3 spell levels left.
You knew the following spells:

 Your Spells              Type           Power        Failure   Level  Hunger
h - Regeneration          Chrm/Necr      ##........   14%         3    ###....
n - Spectral Weapon       Hex/Chrm       ##......     14%         3    ###....
p - Shroud of Golubria    Chrm/Tloc      ##....       8%          2    ##.....
u - Song of Slaying       Chrm           ###.....     3%          2    ##.....
y - Infusion              Chrm           ###.         1%          1    None

Your spell library contained the following spells:

 Spells                   Type           Power        Failure   Level  Hunger


Dungeon Overview and Level Annotations

Branches:
Dungeon (4/15)             Temple (1/1) D:4           Sewer (visited)

Altars:
Cheibriados
Dithmenos
Hepliaklqana
Nemelex Xobeh
Okawaru
Qazlal
Vehumet
Zin

Annotations:
D:3 3 runed translucent doors, Delamore's ghost, amateur HOFi; P0WERM0DE's ghost, weakling MiFi


Innate Abilities, Weirdness & Mutations

Your experience applies equally to all skills.
You have very sharp teeth.
Your uncanny sense of smell can sniff out nearby items.


Message History

You closely miss the phantom.
The phantom is heavily damaged.
Your spectral weapon hits the phantom.
The phantom misses you.
You miss the phantom.
The phantom is heavily damaged.
Your spectral weapon hits the phantom!
The phantom hits you!
You barely miss the orc wizard. Your bite misses the orc wizard.
You closely miss the phantom.
Your spectral weapon fades away.
The phantom hits you.
* * * LOW HITPOINT WARNING * * *
The orc wizard hits you but does no damage.
Casting: Shroud of Golubria (safe; 8% risk of failure)
Confirm with . or Enter, or press ? or * to list all spells.
Your skin crawls.
You are feeling hungry.
The phantom hits you.
* * * LOW HITPOINT WARNING * * *
The orc wizard hits you with a +0 dagger.
You die...

####.....# ##.........#
...#.....# ##.........##
.........###...........#
.###..............#....#
##
###...........#......# #
###.........#...##.. #
#......(......#
#####..........o.W...#
.........#...#..@....#
.............####....#
.............# ###..#
............ ##.#
........... #
.######...o .# ..# ...#


You could see a phantom and an orc wizard.

Vanquished Creatures
  A howler monkey (D:4)
  An orc wizard (D:2)
  2 river rats
  5 adders
  A worm (D:3)
  3 leopard geckos
  4 orcs
  2 bats (D:1)
  3 giant cockroaches
  5 hobgoblins
  5 kobolds
  A quokka (D:3)
  4 ball pythons (Sewer)
  10 frilled lizards
  8 goblins
  12 rats
67 creatures vanquished.

Vanquished Creatures (others)
  A withered plant (D:3)
1 creature vanquished.

Grand Total: 68 creatures vanquished

Notes
Turn   | Place    | Note
-------+----------+-------------------------------------------
     0 | D:1      | FishyPogo the Gnoll Skald began the quest for the Orb.
     0 | D:1      | Reached XP level 1. HP: 20/20 MP: 6/6
   221 | D:1      | Reached XP level 2. HP: 13/26 MP: 2/7
   225 | D:1      | Learned a level 2 spell: Song of Slaying
   228 | D:1      | Learned a level 2 spell: Shroud of Golubria
   666 | D:2      | Reached skill level 5 in Spellcasting
   666 | D:2      | Reached XP level 3. HP: 19/31 MP: 4/9
   672 | D:2      | Learned a level 3 spell: Regeneration
   754 | D:2      | Reached skill level 1 in Invocations
   756 | D:2      | Reached skill level 1 in Long Blades
   756 | D:2      | Reached skill level 1 in Axes
   756 | D:2      | Reached skill level 1 in Maces & Flails
   756 | D:2      | Reached skill level 1 in Polearms
   756 | D:2      | Reached skill level 1 in Staves
   756 | D:2      | Reached skill level 1 in Slings
   756 | D:2      | Reached skill level 1 in Bows
   756 | D:2      | Reached skill level 1 in Crossbows
   756 | D:2      | Reached skill level 1 in Throwing
   756 | D:2      | Reached skill level 1 in Stealth
   756 | D:2      | Reached skill level 1 in Shields
   756 | D:2      | Reached skill level 1 in Unarmed Combat
   756 | D:2      | Reached skill level 1 in Evocations
   764 | D:2      | Reached XP level 4. HP: 16/38 MP: 1/11
   856 | D:2      | Learned a level 3 spell: Spectral Weapon
   881 | D:2      | Found a shadowy altar of Dithmenos.
  1524 | D:3      | Found a runed translucent gate.
  1526 | D:3      | Found a runed translucent gate.
  1526 | D:3      | Found a runed translucent gate.
  1621 | D:3      | Reached skill level 1 in Conjurations
  1621 | D:3      | Reached skill level 1 in Hexes
  1621 | D:3      | Reached skill level 1 in Summonings
  1621 | D:3      | Reached skill level 1 in Necromancy
  1621 | D:3      | Reached skill level 1 in Translocations
  1621 | D:3      | Reached skill level 1 in Transmutations
  1621 | D:3      | Reached skill level 1 in Fire Magic
  1621 | D:3      | Reached skill level 1 in Ice Magic
  1621 | D:3      | Reached skill level 1 in Air Magic
  1621 | D:3      | Reached skill level 1 in Earth Magic
  1621 | D:3      | Reached skill level 1 in Poison Magic
  1654 | D:3      | Found a glowing drain.
  1709 | Sewer    | Entered a sewer
  1756 | Sewer    | Reached XP level 5. HP: 26/43 MP: 12/12
  2457 | D:3      | Noticed Delamore's ghost (amateur HOFi)
  2458 | D:3      | Noticed P0WERM0DE's ghost (weakling MiFi)
  2875 | D:4      | Found a staircase to the Ecumenical Temple.
  2884 | Temple   | Entered the Ecumenical Temple
  2902 | Temple   | Became a worshipper of Warmaster Okawaru
  2979 | D:4      | Noticed a phantom
  2990 | D:4      | Slain by an orc wizard

Levels and vault maps discovered:
D:1:      lightli_arrival_windingriver, layout_basic, grunt_decor_fettered,
          minmay_liquid_box
D:2:      layout_basic, serial_glass, glass_columns_c, glass_columns_b,
          glass_columns_a, glass_columns_a, glass_columns_a, glass_columns_b,
          glass_columns_c, glass_columns_b, feat_on_display,
          due_unseen_surprise, item_on_display_a, item_on_display_a,
          grunt_dithmenos_smoke_and_mirrors
D:3:      layout_loops_ring, gup_sewer_entry_spiral, gammafunk_ghost_cemetery
D:4:      layout_layer_cave, minmay_temple_entry_crystal_x, first_ration,
          uniq_ijyb, uniq_menkaure, uniq_eustachio
Temple:   eino_temple_scatter_basement

Skill      XL: |  1  2  3  4  5 |
---------------+----------------+-----
Spellcasting   | 5 |  5.2
Invocations    | 1 |  1.8
Long Blades    | 1 |  1.6
Axes           | 1 |  1.6
Maces & Flails | 1 |  1.6
Polearms       | 1 |  1.6
Staves         | 1 |  1.6
Slings         | 1 |  1.6
Bows           | 1 |  1.6
Crossbows      | 1 |  1.6
Throwing       | 1 |  1.6
Stealth        | 1 |  1.6
Shields        | 1 |  1.6
Unarmed Combat | 1 |  1.6
Evocations     | 1 |  1.6
Conjurations   | 1 |  1.2
Hexes          | 1 |  1.2
Summonings     | 1 |  1.2
Necromancy     | 1 |  1.2
Translocations | 1 |  1.2
Transmutations | 1 |  1.2
Fire Magic     | 1 |  1.2
Ice Magic      | 1 |  1.2
Air Magic      | 1 |  1.2
Earth Magic    | 1 |  1.2
Poison Magic   | 1 |  1.2
Armour         | 3 |  3.0
Fighting       | |  4.8
Short Blades   | |  4.8
Dodging        | |  4.8
Charms         | |  5.5

Action                   |  1- 3 |  4- 6 || total
-------------------------+-------+-------++-------
Melee: Short sword       |    60 |    13 ||    73
       Bite              |     4 |    19 ||    23
       Hand axe          |       |   171 ||   171
Throw: Stone             |     6 |       ||     6
 Cast: Infusion          |     7 |     3 ||    10
       Song of Slaying   |     4 |     1 ||     5
       Shroud of Golubri |     2 |     4 ||     6
       Regeneration      |     1 |     7 ||     8
       Spectral Weapon   |       |     1 ||     1
  Use: Potion            |     3 |     3 ||     6
       Scroll            |       |     6 ||     6
 Stab: Sleeping          |       |     3 ||     3
  Eat: Chunk             |       |     8 ||     8
Armor: Leather armour    |     8 |    23 ||    31
       Skin              |     9 |       ||     9
Dodge: Dodged            |    32 |   142 ||   174
